TOP OF THE 1ST |
San Mateo Dirty Reds batting - Pitching for Colorado Billy Goats : RHP Knud Herrewijn
|
Pitching: RHP Knud Herrewijn
|
|
Batting: LHB Richard Edwards
|
0-0: Ball 1-0: Fly out, F7 (Flyball, 7LS, EV 93.8 MPH)
|
Batting: RHB James Hemwick
|
0-0: Ground out 6-3 (Groundball, 6, EV 85.6 MPH)
|
Batting: LHB Tom Burton
|
0-0: Ball 1-0: Swinging Strike 1-1: Ball 2-1: Ball 3-1: Foul Ball, location: 2F 3-2: Base on Balls
|
Batting: LHB Palaie Gaoteote
|
0-0: Called Strike 0-1: 2-RUN HOME RUN (Flyball, 9LD, EV 95.0 MPH), Distance : 343 ft
|
Batting: RHB Zahid Kashani
|
0-0: Ball 1-0: Fly out, F8 (Flyball, 8RM, EV 83.1 MPH)
|
Top of the 1st over - 2 runs, 1 hit, 0 errors, 0 left on base; San Mateo 2 - Colorado 0 |
BOTTOM OF THE 1ST |
Colorado Billy Goats batting - Pitching for San Mateo Dirty Reds : LHP Faisal bin Nabeel
|
Pitching: LHP Faisal bin Nabeel
|
|
Batting: LHB David de Meij
|
0-0: Called Strike 0-1: Fly out, F8 (Flyball, 8LM, EV 90.0 MPH)
|
Batting: RHB Matt Méndez
|
0-0: Foul Ball, location: 2F 0-1: Ground out 5-3 (Groundball, 56, EV 98.8 MPH)
|
Batting: LHB Tim Gonzáles
|
0-0: Called Strike 0-1: Ground out 4-3 (Groundball, 4, EV 88.8 MPH)
|
Bottom of the 1st over - 0 runs, 0 hits, 0 errors, 0 left on base; San Mateo 2 - Colorado 0 |
TOP OF THE 2ND |
San Mateo Dirty Reds batting - Pitching for Colorado Billy Goats : RHP Knud Herrewijn
|
Batting: RHB Kawenaula Alohalani
|
0-0: Ball 1-0: Swinging Strike 1-1: Ball 2-1: Swinging Strike 2-2: Fly out, F9 (Line Drive, 9, EV 95.0 MPH)
|
Batting: RHB Yaakov Shmerkin
|
0-0: Ball 1-0: Called Strike 1-1: Foul Ball, location: 2F 1-2: Ground out 3-1 (Groundball, 34, EV 91.2 MPH)
|
Batting: RHB Paul Tate
|
0-0: Foul Ball, location: 2F 0-1: Ball 1-1: Foul Ball, location: 2F 1-2: Ball 2-2: Strikes out looking
|
Top of the 2nd over - 0 runs, 0 hits, 0 errors, 0 left on base; San Mateo 2 - Colorado 0 |
BOTTOM OF THE 2ND |
Colorado Billy Goats batting - Pitching for San Mateo Dirty Reds : LHP Faisal bin Nabeel
|
Batting: RHB Phil Moore
|
0-0: Called Strike 0-1: Foul Ball, location: 2F 0-2: Foul Ball, location: 2F 0-2: Ball 1-2: Fly out, F7 (Flyball, 7S, EV 97.5 MPH)
|
Batting: RHB Dan Vanblarcom
|
0-0: Ball 1-0: Ground out 1-3 (Groundball, P, EV 92.5 MPH)
|
Batting: SHB Raoul de Gilde
|
0-0: Ball 1-0: Ball 2-0: Called Strike 2-1: Fly out, F5 (Line Drive, 5, EV 66.2 MPH)
|
Bottom of the 2nd over - 0 runs, 0 hits, 0 errors, 0 left on base; San Mateo 2 - Colorado 0 |
TOP OF THE 3RD |
San Mateo Dirty Reds batting - Pitching for Colorado Billy Goats : RHP Knud Herrewijn
|
Batting: RHB Ambrose Watkins
|
0-0: DOUBLE (Flyball, 8LD, EV 101.2 MPH)
|
Batting: LHB Richard Edwards
|
0-0: Foul Ball, location: 2F 0-1: Fly out, F8 (Line Drive, 8LD, EV 90.6 MPH)
|
Batting: RHB James Hemwick
|
0-0: Ground out 4-3 (Groundball, 4, EV 80.0 MPH) Ambrose Watkins to third
|
Batting: LHB Tom Burton
|
0-0: Ball 1-0: Ball 2-0: Called Strike 2-1: Foul Ball, location: 2F 2-2: SINGLE (Groundball, 6MD, EV 98.1 MPH) Ambrose Watkins scores
|
Batting: LHB Palaie Gaoteote
|
0-0: Ground out 4-3 (Groundball, 4, EV 79.4 MPH)
|
Top of the 3rd over - 1 run, 2 hits, 0 errors, 1 left on base; San Mateo 3 - Colorado 0 |
BOTTOM OF THE 3RD |
Colorado Billy Goats batting - Pitching for San Mateo Dirty Reds : LHP Faisal bin Nabeel
|
Batting: LHB Ken Norris
|
0-0: Called Strike 0-1: Called Strike 0-2: Foul Ball, location: 2F 0-2: Ball 1-2: Ball 2-2: Ball 3-2: Ground out 4-3 (Groundball, 4, EV 92.5 MPH)
|
Batting: RHB Luis Rodríguez
|
0-0: Ground out 6-3 (Groundball, 6, EV 85.0 MPH)
|
Batting: LHB António Casas
|
0-0: Ball 1-0: Ground out 4-3 (Groundball, 34, EV 102.5 MPH)
|
Bottom of the 3rd over - 0 runs, 0 hits, 0 errors, 0 left on base; San Mateo 3 - Colorado 0 |
TOP OF THE 4TH |
San Mateo Dirty Reds batting - Pitching for Colorado Billy Goats : RHP Knud Herrewijn
|
Batting: RHB Zahid Kashani
|
0-0: Ball 1-0: Foul Ball, location: 2F 1-1: Called Strike 1-2: Strikes out swinging
|
Batting: RHB Kawenaula Alohalani
|
0-0: Fly out, F8 (Flyball, 8RXD, EV 103.8 MPH)
|
Batting: RHB Yaakov Shmerkin
|
0-0: Foul Ball, location: 2F 0-1: Ball 1-1: Ball 2-1: SINGLE (Groundball, 6MD, EV 104.4 MPH)
|
Batting: RHB Paul Tate
|
0-0: Called Strike 0-1: SINGLE (Groundball, 56D, EV 97.5 MPH) Yaakov Shmerkin to second
|
Batting: RHB Ambrose Watkins
|
0-0: Called Strike 0-1: SINGLE (Groundball, 3S, EV 71.2 MPH) (infield hit) Yaakov Shmerkin to third Paul Tate to second
|
Batting: LHB Richard Edwards
|
0-0: Swinging Strike 0-1: Ball 1-1: Ball 2-1: Foul Ball, location: 2F 2-2: Fly out, F7 (Flyball, 7LM, EV 86.2 MPH)
|
Top of the 4th over - 0 runs, 3 hits, 0 errors, 3 left on base; San Mateo 3 - Colorado 0 |
BOTTOM OF THE 4TH |
Colorado Billy Goats batting - Pitching for San Mateo Dirty Reds : LHP Faisal bin Nabeel
|
Batting: LHB David de Meij
|
0-0: Called Strike 0-1: Foul Ball, location: 2F 0-2: Foul Ball, location: 2F 0-2: Foul Ball, location: 2F 0-2: SOLO HOME RUN (Flyball, 7D, EV 106.9 MPH), Distance : 384 ft
|
Batting: RHB Matt Méndez
|
0-0: Ball 1-0: Ball 2-0: Fly out, F5 (Popup, 56S, EV 77.5 MPH)
|
Batting: LHB Tim Gonzáles
|
0-0: Ball 1-0: SINGLE (Line Drive, 78M, EV 85.0 MPH)
|
Batting: RHB Phil Moore
|
0-0: Ball 1-0: Ball Wild Pitch! Tim Gonzáles to second 2-0: Ball 3-0: Base on Balls
|
Batting: RHB Dan Vanblarcom
|
0-0: SINGLE (Groundball, 56D, EV 105.6 MPH) Tim Gonzáles to third Phil Moore to second Runner from 3rd tries for Home, SAFE, no throw by LF
|
Batting: SHB Raoul de Gilde
|
0-0: Fly out, F4 (Popup, 4S, EV 69.4 MPH)
|
Batting: LHB Ken Norris
|
0-0: Called Strike 0-1: Swinging Strike 0-2: Ball 1-2: Strikes out swinging
|
Bottom of the 4th over - 2 runs, 3 hits, 0 errors, 2 left on base; San Mateo 3 - Colorado 2 |
TOP OF THE 5TH |
San Mateo Dirty Reds batting - Pitching for Colorado Billy Goats : RHP Knud Herrewijn
|
Batting: RHB James Hemwick
|
0-0: Ball 1-0: Ground out 6-3 (Groundball, 6, EV 84.4 MPH)
|
Batting: LHB Tom Burton
|
0-0: Ball 1-0: Swinging Strike 1-1: Called Strike 1-2: Foul Ball, location: 2F 1-2: Strikes out swinging
|
Batting: LHB Palaie Gaoteote
|
0-0: Swinging Strike 0-1: Ball 1-1: Ball 2-1: Called Strike 2-2: Strikes out swinging
|
Top of the 5th over - 0 runs, 0 hits, 0 errors, 0 left on base; San Mateo 3 - Colorado 2 |
BOTTOM OF THE 5TH |
Colorado Billy Goats batting - Pitching for San Mateo Dirty Reds : LHP Faisal bin Nabeel
|
Batting: RHB Luis Rodríguez
|
0-0: Ground out 4-3 (Groundball, 4, EV 104.4 MPH)
|
Batting: LHB António Casas
|
0-0: Called Strike 0-1: Ball 1-1: Foul Ball, location: 2F 1-2: Ball 2-2: Ball 3-2: Foul Ball, location: 2F 3-2: Fly out, F9 (Line Drive, 9D, EV 97.5 MPH)
|
Batting: LHB David de Meij
|
0-0: Called Strike 0-1: SINGLE (Line Drive, 7LS, EV 107.5 MPH)
|
Batting: RHB Matt Méndez
|
0-0: Swinging Strike David de Meij steals 2nd base 0-1: Ball Passed Ball! David de Meij to third 1-1: Called Strike 1-2: SINGLE (Line Drive, 89S, EV 93.1 MPH) David de Meij scores
|
Batting: LHB Tim Gonzáles
|
0-0: Called Strike 0-1: Ground out U3 (Groundball, 3, EV 105.6 MPH)
|
Bottom of the 5th over - 1 run, 2 hits, 0 errors, 1 left on base; San Mateo 3 - Colorado 3 |
TOP OF THE 6TH |
San Mateo Dirty Reds batting - Pitching for Colorado Billy Goats : RHP Knud Herrewijn
|
Batting: RHB Zahid Kashani
|
0-0: Called Strike 0-1: Swinging Strike 0-2: Fly out, F5 (Popup, 25F, EV 86.9 MPH)
|
Batting: RHB Kawenaula Alohalani
|
0-0: Ball 1-0: Foul Ball, location: 2F 1-1: Foul Ball, location: 2F 1-2: Ball 2-2: Foul Ball, location: 2F 2-2: Foul Ball, location: 2F 2-2: Strikes out looking
|
Batting: RHB Yaakov Shmerkin
|
0-0: Foul Ball, location: 2F 0-1: Ground out 6-3 (Groundball, 6, EV 89.4 MPH)
|
Top of the 6th over - 0 runs, 0 hits, 0 errors, 0 left on base; San Mateo 3 - Colorado 3 |
BOTTOM OF THE 6TH |
Colorado Billy Goats batting - Pitching for San Mateo Dirty Reds : LHP Faisal bin Nabeel
|
Batting: RHB Phil Moore
|
0-0: Ground out 5-3 (Groundball, 56S, EV 86.9 MPH)
|
Batting: RHB Dan Vanblarcom
|
0-0: Ground out 5-3 (Groundball, 56, EV 91.2 MPH)
|
Batting: SHB Raoul de Gilde
|
0-0: Foul Ball, location: 2F 0-1: Swinging Strike 0-2: Foul Ball, location: 2F 0-2: Foul Ball, location: 2F 0-2: Ball 1-2: Ball 2-2: Ball 3-2: Base on Balls
|
Batting: LHB Ken Norris
|
0-0: Foul Ball, location: 2F 0-1: Ball 1-1: Ball 2-1: Ground out U3 (Groundball, 3L, EV 92.5 MPH)
|
Bottom of the 6th over - 0 runs, 0 hits, 0 errors, 1 left on base; San Mateo 3 - Colorado 3 |
TOP OF THE 7TH |
San Mateo Dirty Reds batting - Pitching for Colorado Billy Goats : RHP Knud Herrewijn
|
Batting: RHB Paul Tate
|
0-0: Ball 1-0: Called Strike 1-1: Called Strike 1-2: Strikes out swinging
|
Batting: RHB Ambrose Watkins
|
0-0: Ground out 5-3 (Groundball, 56S, EV 88.1 MPH)
|
Batting: LHB Richard Edwards
|
0-0: Ball 1-0: Ground out 5-3 (Groundball, 56, EV 103.8 MPH)
|
Top of the 7th over - 0 runs, 0 hits, 0 errors, 0 left on base; San Mateo 3 - Colorado 3 |
BOTTOM OF THE 7TH |
Colorado Billy Goats batting - Pitching for San Mateo Dirty Reds : LHP Faisal bin Nabeel
|
Batting: RHB Luis Rodríguez
|
0-0: Fly out, F8 (Line Drive, 8LD, EV 88.1 MPH)
|
Batting: LHB António Casas
|
0-0: Ball 1-0: Fly out, F8 (Flyball, 8LD, EV 93.1 MPH)
|
Batting: LHB David de Meij
|
0-0: Called Strike 0-1: Ball 1-1: Ball 2-1: Fly out, F7 (Line Drive, 7, EV 91.9 MPH)
|
Bottom of the 7th over - 0 runs, 0 hits, 0 errors, 0 left on base; San Mateo 3 - Colorado 3 |
TOP OF THE 8TH |
San Mateo Dirty Reds batting - Pitching for Colorado Billy Goats : RHP Knud Herrewijn
|
Batting: RHB James Hemwick
|
0-0: Called Strike 0-1: Called Strike 0-2: Ball 1-2: Fly out, F8 (Flyball, 89XD, EV 87.5 MPH)
|
Batting: LHB Tom Burton
|
0-0: Called Strike 0-1: Ground out 5-3 (Groundball, 56, EV 98.1 MPH)
|
Batting: LHB Palaie Gaoteote
|
0-0: Ball 1-0: SOLO HOME RUN (Flyball, 9D, EV 108.8 MPH), Distance : 381 ft
|
Batting: RHB Zahid Kashani
|
0-0: Ball 1-0: SINGLE (Flyball, 7LM, EV 94.4 MPH)
|
Batting: RHB Kawenaula Alohalani
|
0-0: Ball 1-0: Ball 2-0: Foul Ball, location: 2F 2-1: Ball 3-1: Base on Balls Zahid Kashani to second
|
Pitching: RHP Amando Codes
|
|
Batting: RHB Yaakov Shmerkin
|
0-0: Ball 1-0: Fielders Choice at 2nd, 5-4 (Groundball, 56, EV 83.8 MPH)
|
Top of the 8th over - 1 run, 2 hits, 0 errors, 2 left on base; San Mateo 4 - Colorado 3 |
BOTTOM OF THE 8TH |
Colorado Billy Goats batting - Pitching for San Mateo Dirty Reds : LHP Faisal bin Nabeel
|
Batting: RHB Matt Méndez
|
0-0: Called Strike 0-1: Ball 1-1: Ball 2-1: Ground out 6-3 (Groundball, 6, EV 102.5 MPH)
|
Pitching: LHP Urs Ehles
|
|
Batting: LHB Tim Gonzáles
|
0-0: SINGLE (Groundball, 4MD, EV 95.6 MPH)
|
Batting: RHB Phil Moore
|
0-0: 2-RUN HOME RUN (Flyball, 7LD, EV 100.6 MPH), Distance : 361 ft
|
Batting: RHB Dan Vanblarcom
|
0-0: Ball 1-0: Ball 2-0: Ball 3-0: Base on Balls
|
Batting: SHB Raoul de Gilde
|
0-0: Foul Ball, location: 2F 0-1: Ball 1-1: Ball 2-1: Called Strike 2-2: Strikes out swinging
|
Batting: LHB Ken Norris
|
0-0: Foul Ball, location: 2F 0-1: Ball 1-1: Ball 2-1: Foul Ball, location: 2F 2-2: Foul Ball, location: 2F 2-2: Ball 3-2: SINGLE (Flyball, 89M, EV 96.2 MPH) Dan Vanblarcom to second Dan Vanblarcom to third
|
Batting: RHB Luis Rodríguez
|
0-0: Called Strike 0-1: Foul Ball, location: 2F 0-2: Ground out 1-3 (Groundball, 25, EV 70.0 MPH)
|
Bottom of the 8th over - 2 runs, 3 hits, 0 errors, 2 left on base; San Mateo 4 - Colorado 5 |
TOP OF THE 9TH |
San Mateo Dirty Reds batting - Pitching for Colorado Billy Goats : RHP Amando Codes
|
Pitching: RHP Magnus Belli
|
|
Now at 3B: Zacarías Salazar
|
|
Now in RF: Kevin Baxter
|
|
Batting: RHB Paul Tate
|
0-0: Foul Ball, location: 2F 0-1: Foul Ball, location: 2F 0-2: Ball 1-2: Ball 2-2: SINGLE (Flyball, 89M, EV 89.4 MPH)
|
Batting: RHB Ambrose Watkins
|
0-0: Swinging Strike 0-1: Grounds into double play, 6-4-3 (Groundball, 56S, EV 86.9 MPH)
|
Batting: LHB Richard Edwards
|
0-0: Foul Ball, location: 2F 0-1: Foul Ball, location: 2F 0-2: Ball 1-2: Ball 2-2: Ball 3-2: Base on Balls
|
Batting: RHB James Hemwick
|
0-0: Swinging Strike 0-1: Foul Ball, location: 2F 0-2: Ball 1-2: Strikes out swinging
|
Top of the 9th over - 0 runs, 1 hit, 0 errors, 1 left on base; San Mateo 4 - Colorado 5 |
|